 Dungeon Crawl Stone Soup version 0.23.0 (webtiles) character file.

Game seed: 4028876310107846119

32 Mgcat the Skirmisher (level 3, 0/29 HPs)
             Began as a Human Fighter on Feb 12, 2019.
             Slain by a worm (3 damage)
             ... on level 2 of the Dungeon.
             The game lasted 00:01:26 (808 turns).

Mgcat the Skirmisher (Human Fighter)                 Turns: 808, Time: 00:01:26

Health: 0/29       AC:  6    Str: 17    XL:     3   Next: 45%
Magic:  3/3        EV:  7    Int:  8    God:
Gold:   78         SH:  9    Dex: 12    Spells: 2/2 levels left

rFire    . . .     SeeInvis .   a - +0 war axe
rCold    . . .     Gourm    .   c - +0 shield
rNeg     . . .     Faith    .   b - +0 scale mail
rPois    .         Spirit   .   (no helmet)
rElec    .         Reflect  .   (no cloak)
rCorr    .         Harm     .   (no gloves)
MR       .....                  (no boots)
Stlth    ..........             (no amulet)
HPRegen  0.09/turn              (no ring)
MPRegen  0.08/turn              (no ring)

@: no status effects
A: no striking features
a: no special abilities


You were on level 2 of the Dungeon.
You were not hungry.

You visited 1 branch of the dungeon, and saw 2 of its levels.

You collected 78 gold pieces.

Inventory:

Hand Weapons
 a - a +0 war axe (weapon)
Armour
 b - a +0 scale mail (worn)
 c - a +0 shield (worn)
Scrolls
 e - a scroll of amnesia {unknown}
 g - 4 scrolls of identify {unknown}
Potions
 d - a potion of might
 i - 2 potions of curing {unknown}
 j - a potion of resistance {unknown}
Comestibles
 f - 3 rations
 h - 3 chunks of flesh {@w0}


   Skills:
 + Level 3.3 Fighting
 + Level 2.4 Axes
 + Level 3.3 Armour
 - Level 0.4 Dodging
 + Level 3.3 Shields


You had 2 spell levels left.
You didn't know any spells.
Your spell library was empty.

Dungeon Overview and Level Annotations

Branches:
Dungeon (2/15)

Altars:
Trog


Message History

No target in view!
You butcher the bat corpse.
h - 3 chunks of flesh {@w0} (gained 1)
You see here a bat skeleton. x2
Things that are here:
a +0 dagger; a stone You see here a bat skeleton.
Key pressed, stopping explore.
You see here a frilled lizard skeleton.
Key pressed, stopping explore.
HP restored.
A rat and a giant cockroach come into view.
The rat moves out of view.
Health restored: 29 The giant cockroach bites you but does no damage.
The rat bites you.
You take 3 damage, and have 26/29 hp.
You barely miss the giant cockroach. You hit the rat.
You kill the rat!
The giant cockroach bites you but does no damage.
The giant cockroach barely misses you.
You slash the giant cockroach!
You kill the giant cockroach!
No target in view!
No target in view!
You now have 72 gold pieces (gained 12).
Key pressed, stopping explore.
You now have 78 gold pieces (gained 6).
A rat and 3 worms come into view.
Found a whip and a short sword.
Found a bloodstained altar of Trog.
Health restored: 29 Danger x4: moth of wrath, worm x3!
A rat comes into view.
Danger x4: worm x3, moth of wrath!
Your shield and scale mail prevent you from hitting the worm.
The worm bites you.
You take 3 damage, and have 26/29 hp.
You hit the worm.
The worm is lightly wounded.
You block the worm's attack.
Danger x4: moth of wrath, worm x3!
You hit the worm.
The worm is moderately wounded.
You hit the rat.
You kill the rat!
The moth of wrath goads the worm on!
The worm goes berserk!
The worm bites you but does no damage.
Danger x4: moth of wrath, worm x2, worm (berserk)!
You hit the worm.
The worm is heavily wounded.
The worm bites you but does no damage. The rat closely misses you.
The worm bites you!
You take 10 damage, and have 17/29 hp.
MASSIVE DAMAGE!!
Lua error: [string "/dgldir/rcfiles/crawl-0.23/Mgcat.rc"]:934: invalid capture index You are too injured to fight recklessly!
Danger x4: moth of wrath, worm x2, worm (berserk)!
You are too injured to fight recklessly!
Lua error: [string "/dgldir/rcfiles/crawl-0.23/Mgcat.rc"]:934: invalid capture index You are too injured to fight recklessly!
Lua error: [string "/dgldir/rcfiles/crawl-0.23/Mgcat.rc"]:934: invalid capture index You are too injured to fight recklessly!
Lua error: [string "/dgldir/rcfiles/crawl-0.23/Mgcat.rc"]:934: invalid capture index You are too injured to fight recklessly!
Danger x4: moth of wrath, worm x2, worm (berserk)!
You slash the worm!
The worm is severely wounded.
You hit the worm. You barely miss the rat.
The moth of wrath goads the rat on!
The rat goes berserk!
The moth of wrath goads the worm on!
The worm goes berserk!
The rat bites you but does no damage. The worm bites you!
* * * LOW HITPOINT WARNING * * *
You block the worm's attack.
You take 10 damage, and have 7/29 hp.
MASSIVE DAMAGE!!
Danger x4: moth of wrath, worm, worm (berserk) x2!
You slash the worm!
You kill the worm!
You hit the rat.
You kill the rat!
Your shield and scale mail prevent you from hitting the worm.
The moth of wrath goads the worm on!
The worm goes berserk!
You block the worm's attack.
Lua error: [string "/dgldir/rcfiles/crawl-0.23/Mgcat.rc"]:926: invalid capture index You slash the worm!
The worm is moderately wounded.
You slash the worm! The worm bites you.
* * * LOW HITPOINT WARNING * * *
The worm bites you but does no damage.
You take 3 damage, and have 4/29 hp.
Lua error: [string "/dgldir/rcfiles/crawl-0.23/Mgcat.rc"]:926: invalid capture index You barely miss the worm.
The worm is moderately wounded.
You slash the worm! The worm bites you.
* * * LOW HITPOINT WARNING * * *
You block the worm's attack.
You take 1 damage, and have 3/29 hp.
Lua error: [string "/dgldir/rcfiles/crawl-0.23/Mgcat.rc"]:926: invalid capture index You slash the worm!
The worm is severely wounded.
You hit the worm. The worm bites you.
You die...

#.(...##.#...#.# ###
#.....##.#.....# #..
#..........##..####.#
#.#.##.##............
#.####.####....######
###.......##.....#...
##.........###...#.##
#....w......#......#
#..†@###....#....####
#..w##y##...###..# #.
#....###....#....# #.
##.........#########.
#)..._...)##........
##....)..##÷########
###.).####.#
#######.# #.)÷.(#


You could see a moth of wrath and 2 worms.

Vanquished Creatures
  An ooze (D:1)
  A worm (D:2)
  4 bats
  2 giant cockroaches
  2 goblins (D:1)
  3 hobgoblins (D:1)
  4 kobolds
  5 frilled lizards
  5 rats
27 creatures vanquished.

Notes
Turn   | Place    | Note
-------+----------+-------------------------------------------
     0 | D:1      | Mgcat the Human Fighter began the quest for the Orb.
     0 | D:1      | Reached XP level 1. HP: 18/18 MP: 1/1
    54 | D:1      | Reached XP level 2. HP: 19/24 MP: 2/2
   590 | D:1      | Reached XP level 3. HP: 24/29 MP: 3/3
   780 | D:2      | Noticed a moth of wrath
   794 | D:2      | Found a bloodstained altar of Trog.
   804 | D:2      | HP: 7/29 [worm (10)]
   807 | D:2      | HP: 3/29 [worm (1)]
   808 | D:2      | Slain by a worm

Action                   || total
-------------------------++-------
Melee: War axe           ||    82
Armor: Scale mail        ||    55
Dodge: Dodged            ||    36
Block: Shield            ||    51

Levels and vault maps discovered:
D:1:      dpeg_arrival_long_road, layout_loops_ring
D:2:      layout_basic, tgw_trog, lemuel_doored_altar

Table legend:
 A = Turns spent in this place as a percentage of turns spent in the entire game.
 B = Non-inter-level travel turns spent in this place as a percentage of non-inter-level travel turns spent in the entire game.
 C = Inter-level travel turns spent in this place as a percentage of turns spent in this place.
 D = Turns resting spent in this place as a percentage of non-inter-level travel turns spent in this place.
 E = Turns spent auto-exploring this place as a percentage of non-inter-level travel turns spent in this place.
 F = Non-inter-level travel turns spent in this place divided by the number of levels of this place that you've seen.
                   A       B       C       D       E      F
               +-------+-------+-------+-------+-------+----------------------
         Total | 100.0 | 100.0 |   2.8 |   0.0 |  78.0 | 392.5
       Dungeon | 100.0 | 100.0 |   2.8 |   0.0 |  78.0 | 392.5
               +-------+-------+-------+-------+-------+----------------------

Table legend:
 A = Kills in this place as a percentage of kills in entire the game.
 B = Kills by you in this place as a percentage of kills by you in the entire game.
 C = Kills by friends in this place as a percentage of kills by friends in the entire game.
 D = Other kills in this place as a percentage of other kills in the entire game.
 E = Experience gained in this place as a percentage of experience gained in the entire game.
 F = Experience gained in this place divided by the number of levels of this place that you have seen.
                   A       B       C       D       E      F
               +-------+-------+-------+-------+-------+----------------------
         Total | 100.0 | 100.0 |   N/A |   N/A | 100.0 |  23.5
       Dungeon | 100.0 | 100.0 |   N/A |   N/A | 100.0 |  23.5
               +-------+-------+-------+-------+-------+----------------------
